 Dungeon Crawl Stone Soup version 0.21-a0-404-g291f19a (webtiles) character file.

2953 drevant the Chopper (level 9, 0/72 HPs)
             Began as a Demonspawn Abyssal Knight on Oct 31, 2017.
             Was a Priest of Lugonu.
             Slain by an ogre
             ... wielding a +0 giant club
              (13 damage)
             ... on level 8 of the Dungeon.
             The game lasted 00:21:12 (11083 turns).

drevant the Chopper (Demonspawn Abyssal Knight)    Turns: 11083, Time: 00:21:12

Health: 0/72       AC: 14    Str: 21    XL:     9   Next: 52%
Magic:  10/10      EV: 10    Int: 14    God:    Lugonu [***...]
Gold:   329        SH:  0    Dex: 12    Spells: 8/8 levels left

rFire    + . .     SeeInvis .   O - +0 spear (pierce)
rCold    + . .     Gourm    .   (no shield)
rNeg     . . .     Faith    .   N - +0 scale mail
rPois    .         Spirit   .   (helmet restricted)
rElec    .         Reflect  .   V - +0 cloak
rCorr    +         Harm     .   v - +2 pair of gloves
MR       .....                  (no boots)
Stlth    ++........             (no amulet)
HPRegen  0.22/turn              k - ring of resist corrosion
MPRegen  0.12/turn              j - ring of protection from fire

@: mighty, marked, hasted, very quick
A: horns 1, yellow scales 1, cold resistance 1, nightstalker 2
a: Depart the Abyss, Bend Space, Banish, Renounce Religion


You were on level 8 of the Dungeon.
You worshipped Lugonu.
Lugonu was most pleased with you.
You were hungry.

You visited 1 branch of the dungeon, and saw 8 of its levels.
You visited the Abyss 1 time.

You collected 329 gold pieces.

Inventory:

Hand Weapons
 a - a +1 hand axe
 b - a +0 blowgun
 C - a +2 dagger of venom
 E - a +0 hunting sling
 O - a +0 spear of piercing (weapon)
Missiles
 o - 285 stones (quivered)
 D - 4 curare-tipped needles
 G - 35 poisoned needles
Armour
 e - a +0 ring mail
 f - the +10 large shield of Ignorance {rN+ Int-4}
   (You found it on level 8 of the Dungeon)

   It affects your intelligence (-4).
   It protects you from negative energy.
 n - a +0 leather armour
 p - a +0 pair of gloves
 v - a +2 pair of gloves (worn)
 K - a +0 hat
 N - a +0 scale mail (worn)
 V - a +0 cloak (worn)
Jewellery
 j - a ring of protection from fire (right hand)
 k - a ring of resist corrosion (left hand)
 r - an uncursed ring of flight
Wands
 u - a wand of iceblast (0/15)
 x - a wand of random effects (16/48)
 U - a wand of flame (20/48)
 W - a wand of polymorph (7/24)
Scrolls
 g - 2 scrolls of amnesia {unknown}
 h - 3 scrolls of remove curse {unknown}
 w - a scroll of noise {unknown}
 y - 2 scrolls of fog {unknown}
 H - a scroll of random uselessness {unknown}
 I - 2 scrolls of fear {unknown}
 J - a scroll of immolation {unknown}
 L - a scroll of recharging {unknown}
 P - a scroll of enchant weapon {unknown}
 R - a scroll of magic mapping {unknown}
 S - a scroll of enchant armour {unknown}
 T - 2 scrolls of identify
Potions
 d - a potion of invisibility {unknown}
 m - 3 potions of degeneration
 t - 2 potions of lignification
 B - a potion of magic {unknown}
 F - a potion of brilliance {unknown}
 M - a potion of curing
Books
 Q - a book of Changes

   Spells                             Type                      Level
   a - Beastly Appendage              Transmutation                1
   b - Sticks to Snakes               Transmutation                2
   c - Spider Form                    Transmutation/Poison         3
   d - Ice Form                       Ice/Transmutation            4
   e - Blade Hands                    Transmutation                5
Comestibles
 c - 8 bread rations
 i - 8 royal jellies
 l - 4 meat rations
 s - a fruit


   Skills:
 + Level 7.1 Fighting
 - Level 7.9(8.2) Axes
 * Level 3.2(5.9) Polearms
 - Level 5.6 Armour
 - Level 1.0 Dodging
 * Level 3.1 Shields
 - Level 2.5 Invocations


You had 8 spell levels left.
You didn't know any spells.

Dungeon Overview and Level Annotations

Branches:
Dungeon (8/15)             Temple (0/1) D:7
   Lair: D:8-11

Altars:
Ashenzari
Cheibriados
Elyvilon
Fedhas
Hepliaklqana
Makhleb
Sif Muna
Wu Jian
The Shining One

Annotations:
D:3 darxusza's ghost, amateur FoAr
D:4 Grinder
D:7 Blork the orc
D:8 Prince Ribbit


Innate Abilities, Weirdness & Mutations

You have a pair of small horns on your head.
You are partially covered in yellow scales. (AC +2)
Your flesh is cold resistant. (rC+)
You are significantly more attuned to the shadows.


Message History

The ogre hits you with a giant club!!
You hit the ogre.
The ogre is severely wounded.
You hit the ogre.
The ogre is almost dead.
The ogre hits you with a giant club!
You are too injured to fight recklessly!
You are too injured to fight recklessly!
Okay, then.
You feel very mighty all of a sudden. The ogre closely misses you.
You puncture the ogre!
You kill the ogre!
Lugonu accepts your kill.
The orc priest mumbles some strange prayers to Beogh against you.
Beogh smites you!
* * * LOW HITPOINT WARNING * * *
It was a potion of haste.
You feel yourself speed up. The ogre hits you with a giant club!
You die...

#.....# ......###..# #.
#.....# ...........###.
#.....# .....#####.##..
###.....# ##+## #.....o.
.....<..# #.# #.#..###
####...######.# #....#⌠.
.............## #....#..
################oo.####o###.#.
.............@Oco..'....#...#.
################.F.####.....'.
##### ##o...O#. #..####..
..........#.o ......##..#⌠.
......# #...# ......# ....
......# #c


You could see Prince Ribbit, an ogre, a centaur, an orc priest and 2 orcs.

Vanquished Creatures
  Psyche (D:8)
  A spriggan (D:7)
  2 sky beasts
  An ice beast (D:6)
  A phantom (D:5)
  5 ogres
  A centaur (D:8)
  3 bullfrogs
  A gnoll sergeant (D:5)
  3 scorpions
  3 killer bees (D:7)
  5 howler monkeys
  6 hounds
  A bullfrog zombie (D:6)
  A jelly (D:7)
  An orc wizard (D:7)
  Crazy Yiuf (D:7)
  A centaur skeleton (D:8)
  A bullfrog skeleton (D:7)
  5 iguanas
  A gnoll shaman (D:8)
  3 worker ants
  A mummy (D:5)
  10 gnolls
  A howler monkey skeleton (D:4)
  10 adders
  A shadow imp (D:5)
  An adder zombie (D:6)
  2 adder skeletons
  A dart slug (D:4)
  3 leopard geckos
  12 orcs
  A ball python (D:1)
  6 bats
  4 giant cockroaches
  5 goblins
  8 hobgoblins
  7 jackals
  2 quokkas
  2 frilled lizards (D:3)
  10 kobolds
  A leopard gecko skeleton (D:6)
  A quokka zombie (D:8)
  A rat (D:3)
  A fungus (D:7)
139 creatures vanquished.

Notes
Turn   | Place    | Note
-------+----------+-------------------------------------------
     0 | Abyss:1  | drevant the Demonspawn Abyssal Knight began the quest for the Orb.
     0 | Abyss:1  | Reached XP level 1. HP: 18/18 MP: 2/2
    15 | Abyss:1  | Found a corrupted altar of Lugonu.
    31 | Abyss:2  | Noticed a small abomination
    35 | D:1      | Escaped the Abyss
    38 | D:1      | Noticed a ghoul
    38 | D:1      | Noticed a draconian
    40 | D:1      | Noticed a dwarf
    40 | D:1      | Noticed a centaur
    42 | D:1      | Noticed a naga
    42 | D:1      | Noticed a spriggan
    44 | D:1      | Noticed an ogre
    44 | D:1      | Noticed a vine stalker
    46 | D:1      | Noticed a formicid
    58 | D:1      | Noticed a human
    58 | D:1      | Noticed a halfling
    60 | D:1      | Noticed a tengu
    60 | D:1      | Noticed an octopode
    62 | D:1      | Noticed a troll
    62 | D:1      | Noticed a minotaur
    64 | D:1      | Noticed a vampire
    64 | D:1      | Noticed a felid
    66 | D:1      | Noticed a merfolk
    68 | D:1      | Noticed a demonspawn
    68 | D:1      | Noticed a demigod
    70 | D:1      | Noticed a gargoyle
    72 | D:1      | Noticed an elf
   246 | D:1      | Reached skill level 1 in Dodging
  1023 | D:2      | Gained mutation: Your flesh is cold resistant. (rC+) [demonic ancestry]
  1023 | D:2      | Reached XP level 2. HP: 19/24 MP: 3/3
  1572 | D:2      | Reached XP level 3. HP: 26/29 MP: 4/4
  1859 | D:2      | Found an ornate altar of the Wu Jian Council.
  2320 | D:3      | Reached * piety under Lugonu
  2326 | D:3      | Noticed darxusza's ghost (amateur FoAr)
  2450 | D:3      | Reached XP level 4. HP: 28/35 MP: 5/5
  2806 | D:3      | Found a hazy altar of Hepliaklqana.
  3106 | D:4      | Found a burning altar of Makhleb.
  3116 | D:4      | Gained mutation: You are partially covered in yellow scales. (AC +2) [demonic ancestry]
  3116 | D:4      | Reached XP level 5. HP: 42/42 MP: 6/6
  4565 | D:4      | Noticed Grinder
  4657 | D:4      | Gained mutation: You are slightly more attuned to the shadows. [demonic ancestry]
  4657 | D:4      | Reached XP level 6. HP: 40/48 MP: 7/7
  4738 | D:4      | Found a white marble altar of Elyvilon.
  5219 | D:5      | Entered Level 5 of the Dungeon
  5468 | D:5      | Found a glowing golden altar of the Shining One.
  5940 | D:5      | Reached skill level 5 in Axes
  5940 | D:5      | Gained mutation: You are significantly more attuned to the shadows. [demonic ancestry]
  5940 | D:5      | Reached XP level 7. HP: 52/55 MP: 8/8
  6321 | D:5      | Reached ** piety under Lugonu
  6321 | D:5      | Reached skill level 5 in Fighting
  6653 | D:5      | Found a snail-covered altar of Cheibriados.
  7613 | D:6      | Gained mutation: You have a pair of small horns on your head. [demonic ancestry]
  7613 | D:6      | Reached XP level 8. HP: 58/63 MP: 9/9
  8236 | D:6      | Found a blossoming altar of Fedhas.
  8685 | D:7      | Reached skill level 5 in Armour
  8705 | D:7      | Found a staircase to the Ecumenical Temple.
  9176 | D:7      | Noticed Blork the orc
  9183 | D:7      | Found a deep blue altar of Sif Muna.
  9700 | D:7      | Found a runed door.
  9704 | D:7      | Noticed Crazy Yiuf
  9714 | D:7      | Killed Crazy Yiuf
  9829 | D:8      | Reached XP level 9. HP: 70/71 MP: 10/10
  9840 | D:8      | Found a shattered altar of Ashenzari.
  9860 | D:8      | Noticed Prince Ribbit
  9878 | D:8      | Found the +10 large shield of Ignorance {rN+ Int-4}
 10132 | D:8      | Noticed Psyche
 10162 | D:8      | Reached skill level 1 in Polearms
 10162 | D:8      | Reached skill level 1 in Shields
 10388 | D:8      | Killed Psyche
 10405 | D:8      | Reached *** piety under Lugonu
 11083 | D:8      | Slain by an ogre

Vault maps used:
D:1:      kb_arrival_jail
D:2:      nicolae_overflow_crystal_walls
D:3:      lemuel_round_altar, grunt_qazlal_clouds
D:4:      corexii_shantytown, elyvilon_altar_5, makhleb_blood_cavern_becter,
          first_bread, st_stairs_9, uniq_grinder
D:5:      slow_altar_2, tso_metal_star
D:6:      fedhas_altar_1
D:7:      tgw_sif, minmay_temple_entry_junction_2, the_bakery,
          kennysheep_generic_room_2, uniq_crazy_yiuf_cottage
D:8:      marbit_many_paths, evilmike_ruin_ashenzari, uniq_prince_ribbit1,
          uniq_psyche

Skill      XL: |  1  2  3  4  5  6  7  8  9 |
---------------+----------------------------+-----
Dodging        | 1 |  1.0
Axes           | 2 3 4 5 6 7 |  7.9
Armour         | 2 3 4 5 |  5.6
Fighting       | 4 5 6 7 |  7.1
Polearms       | 3 |  3.2
Shields        | 3 |  3.1
Invocations    | |  2.5

Action                   |  1- 3 |  4- 6 |  7- 9 || total
-------------------------+-------+-------+-------++-------
Melee: Hand axe          |    67 |   185 |       ||   252
       Dagger            |       |   112 |   284 ||   396
       Headbutt          |       |       |    56 ||    56
       Spear             |       |       |   128 ||   128
 Fire: Hunting sling     |    62 |       |       ||    62
Invok: Depart the Abyss  |     1 |       |       ||     1
Evoke: Wand              |       |     6 |       ||     6
  Use: Potion            |     1 |     3 |     6 ||    10
       Scroll            |       |     3 |     5 ||     8
 Stab: Sleeping          |       |       |     7 ||     7
  Eat: Chunk             |     5 |     8 |     9 ||    22
       Fruit             |       |     2 |     4 ||     6
       Meat ration       |       |     1 |       ||     1
Armor: Ring mail         |    30 |   113 |    46 ||   189
       Leather armour    |     3 |       |       ||     3
       Scale mail        |       |       |   146 ||   146
       Skin              |       |       |    19 ||    19
Dodge: Dodged            |    52 |   159 |   197 ||   408

Table legend:
 A = Spawn XP
 B = Non-spawn XP
 C = Spawn XP percentage of total XP
 D = Spawn monster count
 E = Non-spawn monster count
 F = Spawn count percentage of total count
 G = Total turns spent on level
                    A         B        C        D         E        F      G
               +---------+---------+-------+---------+---------+-------+---------
         Total |       0 |    4219 |   0.0 |       0 |     138 |   0.0 | 11083
               +---------+---------+-------+---------+---------+-------+---------
           D:1 |       0 |      10 |   0.0 |       0 |       5 |   0.0 |   942
           D:2 |       0 |      68 |   0.0 |       0 |      10 |   0.0 |  1290
           D:3 |       0 |      75 |   0.0 |       0 |      16 |   0.0 |  1043
           D:4 |       0 |     401 |   0.0 |       0 |      42 |   0.0 |  1909
           D:5 |       0 |     824 |   0.0 |       0 |      17 |   0.0 |  2317
           D:6 |       0 |     392 |   0.0 |       0 |      11 |   0.0 |  1077
           D:7 |       0 |     990 |   0.0 |       0 |      18 |   0.0 |  1347
           D:8 |       0 |    1459 |   0.0 |       0 |      19 |   0.0 |  1123
               +---------+---------+-------+---------+---------+-------+---------
